 Dungeon Crawl Stone Soup version 0.24.0-123-gd5b16e6ec5 (webtiles) character file.

Game seed: 7101870440114425172, levelgen mode: deterministic

2198 Descartes the Grappler (level 9, -7/89 HPs)
             Began as a Troll Monk on Jan 7, 2020.
             Mangled by a nine-headed hydra (13 damage)
             ... on level 7 of the Dungeon.
             The game lasted 00:09:27 (5539 turns).

Descartes the Grappler (Troll Monk)                 Turns: 5539, Time: 00:09:29

Health: -7/89      AC:  7    Str: 24    XL:     9   Next: 12%
Magic:  8/8        EV: 11    Int:  6    God:
Gold:   408        SH:  0    Dex: 15    Spells: 8/8 levels left

rFire    . . .     SeeInvis .     - Unarmed
rCold    + . .     Gourm    +   (no shield)
rNeg     . . .     Faith    .   E - +1 robe {MR+}
rPois    .         Spirit   .   (helmet restricted)
rElec    .         Reflect  .   (no cloak)
rCorr    .         Harm     .   (gloves unavailable)
MR       +....                  (boots unavailable)
Stlth    ++........             (no amulet)
HPRegen  0.64/turn              h - ring of protection from cold (curse)
MPRegen  0.11/turn              B - +3 ring of dexterity

@: no status effects
A: large, unfitting armour, claws 3, fast metabolism 3, gourmand, regeneration
1, shaggy fur 1, tough skin 3
a: no special abilities


You were on level 7 of the Dungeon.
You were very full.

You visited 1 branch of the dungeon, and saw 7 of its levels.

You collected 408 gold pieces.

Inventory:

Hand Weapons
 F - a +0 hand crossbow
Missiles
 g - 114 bolts
 i - 177 arrows
 j - 189 stones (quivered)
 t - 58 sling bullets
 u - 5 javelins
Armour
 y - a +0 shield
 E - a +1 robe of magic resistance (worn)
Jewellery
 h - a cursed ring of protection from cold (left claw)
 B - a +3 ring of dexterity (right claw)
 G - an uncursed ring of fire
Wands
 A - a wand of acid (16)
Scrolls
 a - a scroll of fog {unknown}
 d - 4 scrolls of remove curse {unknown}
 e - 5 scrolls of teleportation {unknown}
 f - 2 scrolls of fear {unknown}
 k - 2 scrolls of enchant weapon {unknown}
 m - 3 scrolls of blinking {unknown}
 n - 4 scrolls of amnesia {unknown}
 o - 4 scrolls of identify {unknown}
 s - 3 scrolls of magic mapping {unknown}
 v - 2 scrolls of noise {unknown}
Potions
 c - 3 potions of invisibility {unknown}
 l - 2 potions of haste {unknown}
 p - a potion of flight {unknown}
 q - 5 potions of curing {unknown}
 r - 2 potions of lignification {unknown}
 w - a potion of berserk rage {unknown}
 x - 3 potions of might {unknown}
 z - a potion of cancellation {unknown}
 C - a potion of degeneration {unknown}
 D - 2 potions of brilliance {unknown}
Comestibles
 b - 11 rations


   Skills:
 + Level 5.7 Fighting
 - Level 2.4 Dodging
 - Level 1.0 Stealth
 + Level 4.1 Shields
 * Level 9.5 Unarmed Combat


You had 8 spell levels left.
You didn't know any spells.
Your spell library contained the following spells:

 Spells                   Type           Power        Failure   Level  Hunger
 Magic Dart               Conj           #...         45%         1    ##.....
 Sting                    Conj/Pois      #...         45%         1    ##.....
 Blink                    Tloc           N/A          58%         2    ###....
 Call Imp                 Summ           #.......     58%         2    ###....
 Poisonous Vapours        Pois/Air       #.....       58%         2    ###....
 Slow                     Hex            #.......     58%         2    ###....
 Conjure Flame            Conj/Fire      #.......     83%         3    ####...
 Mephitic Cloud           Conj/Pois/Air  #.......     83%         3    ####...
 Olgreb's Toxic Radiance  Pois           #.......     99%         4    #####..
 Venom Bolt               Conj/Pois      #.........   100%        5    ######.


Dungeon Overview and Level Annotations

Branches:
Dungeon (7/15)
 Temple: D:4-7

Altars:
Cheibriados
Fedhas
Kikubaaqudgha
Nemelex Xobeh
Vehumet
Zin

Shops:
D:4 (   D:7 }


Innate Abilities, Weirdness & Mutations

You are too large for most types of armour.
You have claws for hands.
Your metabolism is lightning-fast.
You like to eat raw meat.
Your natural rate of healing is unusually fast.
You are covered in fur. (AC +1)
You have extremely tough skin. (AC +3)


Message History

The eight-headed hydra is lightly wounded.
The eight-headed hydra bites you. x2; The eight-headed hydra bites you!
The eight-headed hydra misses you. The eight-headed hydra bites you.
The eight-headed hydra bites you!
The eight-headed hydra bites you but does no damage.
The eight-headed hydra bites you!
You rip one of the eight-headed hydra's heads off!
The seven-headed hydra grows two more!
You scratch the nine-headed hydra.
The nine-headed hydra is lightly wounded.
The nine-headed hydra misses you. The nine-headed hydra bites you!
The nine-headed hydra barely misses you.
The nine-headed hydra completely misses you.
The nine-headed hydra barely misses you.
The nine-headed hydra bites you but does no damage.
The nine-headed hydra bites you!
* * * LOW HITPOINT WARNING * * *
The nine-headed hydra bites you!
* * * LOW HITPOINT WARNING * * *
The nine-headed hydra bites you!
You die...

...........##...####......#.##.#
.........................>..##.#
...........##..............###.#
...........##..............# #.#
)..........##..............###.#
.############...#####..........#
.#### ####...################
....# ............# ....#
........@...# ...)#
.........D..# .####
................ .#
................ .#
........)....... .#
##########...... .# ...... .#
...... .#


You could see a nine-headed hydra.

Vanquished Creatures
  The ghost of puimuR the Cleaver, a novice HOMo of Trog (D:6)
  The ghost of diiiiiane the Sneak, an amateur OpAs (D:3)
  A water moccasin (D:5)
  2 ice beasts (D:6)
  An ogre (D:4)
  2 centaurs
  Blork the orc (D:5)
  A bullfrog (D:6)
  A wyvern zombie (D:5)
  2 scorpions (D:6)
  A crimson imp (D:6)
  2 quasits (D:3)
  A hound (D:4)
  2 orc priests
  2 bullfrog skeletons
  Crazy Yiuf (D:2)
  3 jellies
  3 orc wizards
  Terence (D:2)
  Natasha (thrice) (D:2)
  3 worker ants
  A centaur simulacrum (D:6)
  A bullfrog simulacrum (D:6)
  A hound skeleton (D:5)
  6 gnolls
  9 adders
  2 shadow imps (D:5)
  3 white imps (D:6)
  An ooze (D:2)
  An adder skeleton (D:4)
  A worm (D:2)
  2 dart slugs (D:1)
  5 leopard geckos
  14 orcs
  15 giant cockroaches
  5 goblins
  5 hobgoblins
  4 jackals (D:4)
  11 kobolds
  14 bats
  2 frilled lizards
  9 rats
147 creatures vanquished.

Notes
Turn   | Place    | Note
-------+----------+-------------------------------------------
     0 | D:1      | Descartes the Troll Monk began the quest for the Orb.
     0 | D:1      | Reached XP level 1. HP: 22/22 MP: 0/0
    48 | D:1      | Reached XP level 2. HP: 29/29 MP: 1/1
   329 | D:1      | Reached XP level 3. HP: 36/36 MP: 2/2
   497 | D:1      | Reached skill level 4 in Unarmed Combat
   592 | D:2      | Noticed Natasha
   598 | D:2      | Killed Natasha
   598 | D:2      | Reached XP level 4. HP: 45/45 MP: 3/3
   612 | D:2      | Noticed Terence
   612 | D:2      | Noticed Natasha
   619 | D:2      | Killed Terence
   622 | D:2      | Killed Natasha
   666 | D:2      | Noticed Natasha
   670 | D:2      | Reached skill level 5 in Unarmed Combat
   675 | D:2      | Killed Natasha
   675 | D:2      | Reached XP level 5. HP: 50/53 MP: 4/4
  1079 | D:2      | Found a runed translucent door.
  1080 | D:2      | Noticed Crazy Yiuf
  1204 | D:2      | Killed Crazy Yiuf
  1331 | D:3      | Found a blossoming altar of Fedhas.
  1349 | D:3      | Reached XP level 6. HP: 19/62 MP: 5/5
  1695 | D:3      | Reached skill level 6 in Unarmed Combat
  1845 | D:3      | Found a transporter.
  1859 | D:3      | Noticed diiiiiane's ghost (amateur OpAs)
  1956 | D:3      | Found a transporter.
  2274 | D:3      | Killed diiiiiane's ghost
  2274 | D:3      | Reached skill level 1 in Shields
  2274 | D:3      | Reached XP level 7. HP: 65/70 MP: 6/6
  2625 | D:4      | Found Aplaaps's Weapon Boutique.
  2854 | D:4      | Found a sparkling altar of Nemelex Xobeh.
  2958 | D:4      | Reached skill level 7 in Unarmed Combat
  3044 | D:4      | Found a glowing silver altar of Zin.
  3231 | D:5      | Entered Level 5 of the Dungeon
  3380 | D:5      | Found an ancient bone altar of Kikubaaqudgha.
  3633 | D:5      | Reached XP level 8. HP: 79/79 MP: 7/7
  3715 | D:5      | Noticed Blork the orc
  3721 | D:5      | Killed Blork the orc
  3986 | D:5      | Reached skill level 8 in Unarmed Combat
  4175 | D:5      | Reached skill level 5 in Fighting
  4439 | D:6      | Found a runed translucent gate.
  4439 | D:6      | Found a runed translucent gate.
  4439 | D:6      | Found a runed translucent gate.
  4899 | D:6      | Noticed puimuR's ghost (novice HOMo)
  5044 | D:6      | Found a snail-covered altar of Cheibriados.
  5199 | D:6      | Reached skill level 9 in Unarmed Combat
  5287 | D:6      | Killed puimuR's ghost
  5287 | D:6      | Reached XP level 9. HP: 61/89 MP: 8/8
  5345 | D:5      | Found a radiant altar of Vehumet.
  5490 | D:7      | Found Loanouho's Gadget Emporium.
  5534 | D:7      | Noticed a seven-headed hydra
  5539 | D:7      | Mangled by a nine-headed hydra

Levels and vault maps discovered:
D:1:      dpeg_arrival_simpleton_b, layout_rooms, minmay_misc_feat_enclosed,
          hangedman_glass_teeth
D:2:      minmay_roachtagon, layout_rooms, first_ration, uniq_natasha,
          uniq_crazy_yiuf_cottage, uniq_terence
D:3:      layout_loops_corners, gammafunk_ghost_stat_death, fedhas_altar_1
D:4:      layout_loops_corners, kennysheep_mini_moat, serial_shops,
          kennysheep_mini, nemelex_lonely_heart_becter
D:5:      lemuel_upstairs_altar, layout_loops_corners,
          nicolae_overflow_hidden_temple, minmay_misc_feat_doors,
          uniq_blork_the_orc
D:6:      layout_basic, lemuel_round_altar, gammafunk_ghost_icy,
          serial_bayou_pond_c
D:7:      layout_basic, overflow_temple_1_default, minmay_temple_entry_hall,
          ebering_ghost_inner_flame, minmay_shop_grid_forest

Skill      XL: |  1  2  3  4  5  6  7  8 |
---------------+-------------------------+-----
Unarmed Combat | 4 5 6 7 9 |  9.5
Fighting       | 3 4 5 |  5.7
Shields        | 1 2 4 |  4.1
Dodging        | |  2.4
Stealth        | |  1.0

Action                   |  1- 3 |  4- 6 |  7- 9 || total
-------------------------+-------+-------+-------++-------
Melee: Unarmed           |    79 |   134 |   193 ||   406
       Punch             |     1 |     1 |     2 ||     4
 Stab: Sleeping          |     1 |     1 |     3 ||     5
       Distracted        |       |       |     1 ||     1
  Eat: Chunk             |     8 |    13 |    31 ||    52
       Ration            |       |       |     1 ||     1
Armor: Robe              |    38 |    61 |    52 ||   151
Dodge: Dodged            |    45 |    91 |    69 ||   205
